 Dungeon Crawl Stone Soup version 0.26.0-3-g156281e41b (webtiles) character file.

Game seed: 11001420491779937347

107 GordonOverkill the Chopper (level 4, -7/38 HPs)
             Began as a Palentonga Wanderer on Jan 9, 2021.
             Blown up by Ijyb (22 damage)
             ... with a disintegration bolt
             ... on level 3 of the Dungeon.
             The game lasted 00:28:50 (2271 turns).

GordonOverkill the Chopper (Palentonga Wanderer)    Turns: 2271, Time: 00:28:50

Health: -7/38      AC:  8    Str: 17    XL:     4   Next: 56%
Magic:  5/5        EV:  7    Int: 10    God:
Gold:   113        SH:  0    Dex: 11    Spells: 4/5 levels left

rFire    . . .     SeeInvis +   h - +2 dagger (elec)
rCold    . . .     Faith    .   (no shield)
rNeg     + . .     Spirit   .   c - +2 scale mail {rN+}
rPois    .         Reflect  .   (no helmet)
rElec    .         Harm     .   (no cloak)
rCorr    .         Rampage  .   (no gloves)
Will     .....                  (no barding)
Stlth    ..........             (no amulet)
HPRegen  0.12/turn              (no ring)
MPRegen  0.09/turn              (no ring)

@: no status effects
A: large, rugged brown scales 3, see invisible, deformed body, roll 1, armoured
tail
a: Rolling Charge


You were on level 3 of the Dungeon.
You visited 1 branch of the dungeon, and saw 3 of its levels.

You collected 113 gold pieces.

Inventory:

Hand Weapons
 a - a +0 hand axe
 h - a +2 dagger of electrocution (weapon)
Missiles
 g - 51 stones (quivered)
Armour
 c - a +2 scale mail of positive energy (worn)
Scrolls
 d - 3 scrolls of remove curse
 f - a scroll of fear {unknown}
 i - a scroll of magic mapping {unknown}
 j - a scroll of enchant armour {unknown}
 l - a scroll of identify {unknown}
Potions
 b - a potion of lignification {unknown}
 e - a potion of flight
 k - a potion of heal wounds {unknown}


   Skills:
 + Level 2.3 Fighting
 + Level 3.1 Axes
 - Level 1.0 Throwing
 + Level 3.0 Armour
 - Level 1.0 Stealth
 - Level 1.0 Spellcasting
 - Level 2.0 Transmutations


You had 4 spell levels left.
You knew the following spells:

 Your Spells              Type           Power        Failure   Level
a - Sandblast             Erth           0%           75%         1

Your spell library contained the following spells:

 Spells                   Type           Power        Failure   Level
 Passwall                 Tmut/Erth      1%           75%         2
 Stone Arrow              Conj/Erth      0%           98%         3
 Petrify                  Tmut/Erth      2%           100%        4
 Lee's Rapid Deconstruct  Erth           0%           100%        5


Dungeon Overview and Level Annotations

Branches:
Dungeon (3/15)

Altars:
Fedhas
Yredelemnul

Annotations:
D:3 1 exclusion, Ijyb


Innate Abilities, Weirdness & Mutations

You are completely covered in rugged brown scales. (AC +3, +7% HP)
You have supernaturally acute eyesight. (SInv)
Armour fits poorly on your strangely shaped body.
You can roll at nearby foes to attack.
You have a long armoured tail.


Message History

Ijyb zaps a wand.
You are blasted!
Ouch! That really hurt!
* * * LOW HITPOINT WARNING * * *
There is a stone staircase leading up here.
Unknown command.
Unknown command.
Unknown command.
Unknown command.
Unknown command.
Unknown command.
Unknown command.
Unknown command.
Unknown command.
Unknown command.
Unknown command.
Okay, then.
Okay, then.
Ijyb zaps a wand.
You are blasted!
Ouch! That really hurt!
You die...

#..#.....#....##..##
#.g#...............
#......>......##..# .
#..#.#†.###...##..# .
#..#g#..# #...##..# .
#..#.#..###...##..####.
#......................
##.#.#..###...###.##...
###...#@.# #...###.##...
...).....###.......##.##
#.#......................
#...........(............
#.#.##...................
#.#. #...................
#...........#.......
#....#####..#.##...#
#....# #..#.##.#.#


You could see Ijyb.

Vanquished Creatures
  2 adders (D:2)
  4 gnolls
  A worm (D:2)
  2 dart slugs
  A leopard gecko (D:1)
  2 giant cockroaches
  5 goblins
  2 hobgoblins (D:2)
  7 kobolds
  A quokka (D:1)
  9 bats
  4 frilled lizards
  7 rats
  A spectral orc (D:2)
48 creatures vanquished.

Notes
Turn   | Place    | Note
-------+----------+-------------------------------------------
     0 | D:1      | GordonOverkill the Palentonga Wanderer began the quest for
                  | the Orb.
     0 | D:1      | GordonOverkill set off with the following items: a +0 hand
                  | axe, a +0 ring mail; and the following spell memorised:
                  | Sandblast; and the following spells available to memorise:
                  | Passwall, Stone Arrow, Petrify, Lee's Rapid Deconstruction
     0 | D:1      | Reached XP level 1. HP: 17/17 MP: 2/2
   230 | D:1      | Reached XP level 2. HP: 20/24 MP: 3/3
   646 | D:1      | Reached XP level 3. HP: 27/29 MP: 4/4
  1508 | D:1      | Reached XP level 4. HP: 38/38 MP: 5/5
  1579 | D:2      | Found a basalt altar of Yredelemnul.
  1622 | D:2      | Found a blossoming altar of Fedhas.
  2262 | D:3      | Noticed Ijyb
  2271 | D:3      | Blown up by Ijyb

Illustrated notes

Levels and vault maps discovered:
D:1:      ncdulo_halloftheorcs, layout_rooms
D:2:      layout_rooms, fedhas_altar_fruit_tree,
          yredelemnul_forgotten_temple_becter, chequers_serial_rivers_micro_b
D:3:      layout_basic, marbit_many_paths, serial_rivers,
          chequers_serial_rivers_micro_e, chequers_serial_rivers_micro_d,
          chequers_serial_rivers_room_b, chequers_serial_rivers_micro_d,
          chequers_serial_rivers_micro_c, chequers_ecumenical_altar_twisty,
          grunt_ministairs_9, uniq_ijyb

Skill      XL: |  1  2  3  4 |
---------------+-------------+-----
Axes           | 2 3 |  3.1
Fighting       | 2 |  2.3
Armour         | 3 |  3.0
Throwing       | |  1.0
Stealth        | |  1.0
Spellcasting   | |  1.0
Transmutations | |  2.0

Action                   |  1- 3 |  4- 6 || total
-------------------------+-------+-------++-------
Melee: Dagger            |    86 |    33 ||   119
       Hand axe          |     6 |       ||     6
       Short sword       |     3 |       ||     3
       Tailslap          |     8 |     1 ||     9
Throw: Stone             |       |     9 ||     9
 Abil: Rolling Charge    |    30 |    11 ||    41
  Use: Scroll            |     2 |     1 ||     3
       Potion            |       |     1 ||     1
Armor: Ring mail         |    57 |    10 ||    67
Dodge: Dodged            |    55 |    11 ||    66
